 Dungeon Crawl Stone Soup version 0.29.0-13-gc9e81de378 (webtiles) character file.

Game seed: 7968611772385569818

1023 Destapler the Cudgeller (level 8, -7/80 HPs)
             Began as a Troll Berserker on Sept 7, 2022.
             Was a Believer of Trog.
             Killed from afar by an electric eel (11 damage)
             ... with a bolt of electricity
             ... on level 6 of the Dungeon.
             The game lasted 00:10:44 (4993 turns).

Destapler the Cudgeller (Troll Berserker)           Turns: 4993, Time: 00:10:45

Health: -7/80      AC:  5    Str: 28    XL:     8   Next: 2%
Magic:  7/7        EV: 10    Int:  9    God:    Trog [**....]
Gold:   115        SH:  0    Dex:  9    Spells: 7/7 levels left

rFire   . . .      SeeInvis .   a - +0 mace (holy)
rCold   . . .      Faith    .   (no shield)
rNeg    . . .      Spirit   .   b - +0 animal skin
rPois   +          Reflect  .   y - +0 hat
rElec   .          Harm     .   x - +0 cloak
rCorr   .          Rampage  .   (gloves unavailable)
Will    .....                   (boots unavailable)
Stlth   +.........              (no amulet)
HPRegen 1.03/turn               r - +6 ring of intelligence
MPRegen 0.10/turn               s - ring of poison resistance

@: about to teleport
A: large, unfitting armour, claws 3, regeneration 1, shaggy fur 1, tough skin 1
a: Renounce Religion, Berserk, Trog's Hand


You were on level 6 of the Dungeon.
You worshipped Trog.
Trog was pleased with you.
You visited 1 branch of the dungeon, and saw 6 of its levels.

You collected 241 gold pieces.
You spent 126 gold pieces at shops.

Inventory:

Hand Weapons
 a - a +0 mace of holy wrath (weapon)
 A - a +0 giant club
Missiles
 q - 5 poisoned darts (quivered)
 B - 7 boomerangs
Armour
 b - a +0 animal skin (worn)
 x - a +0 cloak (worn)
 y - a +0 hat (worn)
Jewellery
 r - a +6 ring of intelligence (left claw)
 s - a ring of poison resistance (right claw)
Wands
 C - a wand of digging (2)
Scrolls
 c - 6 scrolls of identify
 f - a scroll of amnesia {unknown}
 g - 2 scrolls of noise {unknown}
 h - 2 scrolls of fog {unknown}
 i - a scroll of silence {unknown}
 j - a scroll of blinking {unknown}
 l - 2 scrolls of fear {unknown}
 o - 2 scrolls of teleportation
 u - 2 scrolls of magic mapping {unknown}
 w - a scroll of immolation {unknown}
Potions
 d - 2 potions of heal wounds
 e - a potion of lignification
 k - a potion of mutation {unknown}
 m - a potion of berserk rage {unknown}
 n - 3 potions of ambrosia
 p - a potion of might {unknown}
 t - a potion of degeneration {unknown}
 v - a potion of curing {unknown}
 z - a potion of brilliance {unknown}


   Skills:
 + Level 5.0 Fighting
 + Level 5.4 Maces & Flails
 + Level 1.3 Throwing
 + Level 0.0 Armour
 - Level 5.0 Dodging
 + Level 0.1 Evocations


You had 7 spell levels left.
You didn't know any spells.
Your spell library contained the following spells:

 Spells                   Type           Power      Damage    Failure   Level
 Summon Small Mammal      Summ           0%         N/A       38%         1
 Call Canine Familiar     Summ           0%         N/A       77%         3
 Summon Guardian Golem    Hex/Summ       0%         N/A       77%         3


Dungeon Overview and Level Annotations

Branches:
Dungeon (6/15)
 Temple: D:4-7

Altars:
Gozag
Ru
Zin

Shops:
D:3 (   D:5 (


Innate Abilities, Weirdness & Mutations

You are too large for most types of armour.
You have claws for hands.
Your natural rate of healing is unusually fast.
You are covered in fur. (AC +1)
You have tough skin. (AC +1)


Message History

Found five items.
Found a stone staircase leading up.
There is a stone staircase leading up here.
As you read the scroll labelled QIHAEH RYUSCHYL, it crumbles to dust.
You feel strangely unstable.
It was a scroll of teleportation.
The electric eel shoots out a bolt of lightning at you!
The bolt of electricity hits you.
The electric eel shoots out a bolt of lightning at you!
The bolt of electricity hits you.
The electric eel shoots out a bolt of lightning at you!
The bolt of electricity hits you!
As you read the scroll labelled UJAEJI KYRAOKOADOC, it crumbles to dust.
It is a scroll of identify.
n - 3 potions of ambrosia A dart slug comes into view.
The dart slug launches a dart at you. The slug dart hits you.
The electric eel shoots out a bolt of lightning at you!
The bolt of electricity hits you!
The electric eel shoots out a bolt of lightning at you!
The bolt of electricity hits you!
The electric eel shoots out a bolt of lightning at you!
The bolt of electricity misses you.
The electric eel shoots out a bolt of lightning at you!
The bolt of electricity hits you!
* * * LOW HITPOINT WARNING * * *
An electric eel comes into view.
The dart slug launches a dart at you. The slug dart misses you.
The electric eel shoots out a bolt of lightning at you!
The bolt of electricity hits you!
* * * LOW HITPOINT WARNING * * *
The electric eel shoots out a bolt of lightning at you!
The bolt of electricity hits you!
* * * LOW HITPOINT WARNING * * *
The electric eel shoots out a bolt of lightning at you!
The bolt of electricity hits you!
* * * LOW HITPOINT WARNING * * *
The electric eel shoots out a bolt of lightning at you!
The bolt of electricity hits you!
You die...

... ≈~~≈≈≈#. ..
..w ~S~~≈w ≈..
.#~≈ ≈≈~~≈≈≈≈#.
w~S≈≈ ≈~~≈#≈≈≈.
≈~≈≈≈#≈S~#≈≈≈≈w
≈≈~S≈~#~~≈≈~~~≈
#~.~~.(.~~..~~
♣$[.!@.....≈~
S~.|.~...#~~<~≈
≈≈≈~≈≈~~~≈≈ ≈≈~
≈≈~≈~≈~≈≈≈~≈# #
.w≈S≈≈~~≈≈#≈≈~
.~~≈≈≈≈~~~≈≈≈~#
..~~~#≈≈≈~~≈≈##
....#S~≈~~≈.##


You could see 7 electric eels and 5 dart slugs.

Vanquished Creatures
  Sigmund (D:5)
  An ogre (D:5)
  A phantom (D:5)
  A centaur (D:5)
  2 scorpions (D:5)
  2 hounds
  A jelly (D:5)
  2 orc priests (D:4)
  Crazy Yiuf (D:3)
  3 iguanas
  7 gnolls
  10 adders
  2 worms
  3 dart slugs (D:1)
  9 orcs
  4 endoplasms
  4 giant cockroaches
  3 goblins
  4 hobgoblins
  7 jackals
  7 kobolds
  A quokka (D:2)
  4 ball pythons
  2 bats
  10 frilled lizards
  5 rats
97 creatures vanquished.

Vanquished Creatures (others)
  8 plants
8 creatures vanquished.

Grand Total: 105 creatures vanquished

Notes
Turn   | Place    | Note
-------+----------+-------------------------------------------
     0 | D:1      | Destapler the Troll Berserker began the quest for the Orb.
     0 | D:1      | Reached XP level 1. HP: 22/22 MP: 0/0
   254 | D:1      | Reached XP level 2. HP: 29/29 MP: 1/1
   495 | D:1      | Reached ** piety under Trog
   496 | D:1      | Reached XP level 3. HP: 33/36 MP: 2/2
   841 | D:1      | Found a faded altar of an unknown god.
  1184 | D:2      | Identified the +0 ring mail of Maideherr {Int+3}
  1637 | D:3      | Reached XP level 4. HP: 45/45 MP: 3/3
  1904 | D:3      | Found Furimut's Antique Weapon Emporium.
  2352 | D:3      | Found a runed translucent door.
  2353 | D:3      | Noticed Crazy Yiuf
  2362 | D:3      | Killed Crazy Yiuf
  2363 | D:3      | Reached XP level 5. HP: 53/53 MP: 4/4
  2588 | D:3      | Bought a glowing mace for 126 gold pieces
  2753 | D:4      | Reached XP level 6. HP: 29/62 MP: 5/5
  3645 | D:5      | Entered Level 5 of the Dungeon
  4007 | D:5      | Reached XP level 7. HP: 39/71 MP: 6/6
  4143 | D:5      | Found Gastrapiu's Hydra Hut.
  4145 | D:5      | Noticed a five-headed hydra
  4229 | D:5      | Noticed Sigmund
  4249 | D:5      | Killed Sigmund
  4250 | D:5      | Reached skill level 5 in Maces & Flails
  4309 | D:5      | Found a sacrificial altar of Ru.
  4397 | D:5      | Reached skill level 1 in Throwing
  4512 | D:5      | Reached skill level 5 in Fighting
  4717 | D:5      | Found a glowing silver altar of Zin.
  4717 | D:5      | Found an opulent altar of Gozag.
  4787 | D:5      | Reached XP level 8. HP: 79/80 MP: 7/7
  4820 | D:5      | Reached skill level 5 in Dodging
  4993 | D:6      | HP: 4/80 [electric eel/bolt of electricity (10)]
  4993 | D:6      | Killed from afar by an electric eel

Illustrated notes

Levels and vault maps discovered:
D:1:      elethiomel_arrival_quiet, layout_loops_corners,
          dilly_ecumenical_altar_fadedgnrine, hangedman_decor_points,
          minmay_lizard_king
D:2:      layout_rooms
D:3:      layout_basic, serial_shops, nicolae_square_shop, eino_tiny_chamber,
          st_stairs_9, kennysheep_pointless_box, uniq_crazy_yiuf_cottage
D:4:      layout_layer_cave, serial_rivers, chequers_serial_rivers_micro_a,
          chequers_serial_rivers_micro_c, chequers_serial_rivers_micro_d,
          chequers_serial_rivers_micro_a
D:5:      layout_basic, grunt_temple_overflow_gold_and_silver,
          nicolae_ru_path_of_blood, minivault_25, doesnt_shop_hydraphobe,
          uniq_sigmund
D:6:      kennysheep_slugbush, layout_basic,
          nicolae_overflow_hallway_of_the_gods,
          minmay_temple_entry_proselytizer, serial_shops,
          nicolae_shop_hallway_stairs, nicolae_take_the_stairs, shop,
          shop_fountains, nicolae_shop_trees, cheibrodos_sewer_entry_drain,
          nrook_mini_backslash, chequers_serial_rivers_micro_b,
          minmay_crystal_water

Skill      XL: |  1  2  3  4  5  6  7  8 |
---------------+-------------------------+-----
Maces & Flails | 3 4 5 |  5.4
Fighting       | 3 4 5 |  5.0
Dodging        | 3 4 5 |  5.0
Throwing       | 1 |  1.3
Evocations     | |  0.1

Action                   |  1- 3 |  4- 6 |  7- 9 || total
-------------------------+-------+-------+-------++-------
Melee: Mace              |   146 |   127 |    93 ||   366
       Punch             |     2 |     3 |     1 ||     6
Throw: Dart              |       |       |     4 ||     4
Invok: Berserk           |     1 |     5 |     6 ||    12
  Use: Potion            |       |       |     2 ||     2
       Scroll            |       |       |     2 ||     2
Armor: Animal skin       |    59 |    37 |    25 ||   121
Dodge: Dodged            |   103 |    56 |    59 ||   218
